 Dungeon Crawl Stone Soup version 0.19.0-9-gfd783f2 (webtiles) character file.

1295 Exaltedone87 the Chopper (level 8, -1/73 HPs)
             Began as a Deep Dwarf Fighter on Nov 7, 2016.
             Was a Believer of Makhleb.
             Slain by an orc warrior
             ... wielding a +0 halberd
              (15 damage)
             ... on level 6 of the Dungeon.
             The game lasted 00:11:50 (4433 turns).

Exaltedone87 the Chopper (Deep Dwarf Fighter)       Turns: 4433, Time: 00:11:51

Health: -1/73      AC:  9    Str: 22    XL:     8   Next: 30%
Magic:  8/8        EV: 10    Int:  9    God:    Makhleb [**....]
Gold:   262        SH: 12    Dex: 16    Spells: 0 memorised, 7 levels left

rFire  . . .     SeeInvis .     a - +1 war axe
rCold  . . .     Gourm    .     b - +0 scale mail
rNeg   . . .     Faith    .     c - +1 shield
rPois  .         Spirit   .     (no helmet)
rElec  .         Reflect  .     (no cloak)
rCorr  +         Harm     .     (no gloves)
MR     +....                    (no boots)
Stlth  ..........               (no amulet)
                                r - +2 ring of dexterity
                                o - ring of resist corrosion

@: lethally poisoned (-1 -> -4), non-regenerating
A: damage resistance, recharge devices, thin metallic scales 1, agile 1, blurry
vision 1, sense surroundings 1, slow regeneration 3
a: Device Recharging, Minor Destruction, Renounce Religion


You were on level 6 of the Dungeon.
You worshipped Makhleb.
Makhleb was pleased with you.
You were full.

You visited 1 branch of the dungeon, and saw 6 of its levels.
You also visited: Ossuary.

You collected 262 gold pieces.

Inventory:

Hand Weapons
 a - a +1 war axe (weapon)
Armour
 b - a +0 scale mail (worn)
 c - a +1 shield (worn)
Jewellery
 o - a ring of resist corrosion (left hand)
 r - a +2 ring of dexterity (right hand)
 x - an uncursed ring of ice {unknown}
Wands
 e - a wand of heal wounds (0/9)
 t - a wand of digging (7/24)
 v - a wand of teleportation (4/9)
Scrolls
 f - a scroll of blinking
 g - 2 scrolls of remove curse
 i - 2 scrolls of amnesia
 l - 5 scrolls of teleportation
 q - 3 scrolls of recharging {unknown}
Potions
 d - a potion of might
 j - a potion of resistance
 k - 2 potions of curing
 n - a potion of flight
 w - 4 potions of brilliance
Comestibles
 h - 2 beef jerkies
 m - a meat ration
 p - a bread ration


   Skills:
 + Level 4.6 Fighting
 * Level 6.6 Axes
 + Level 5.7 Armour
 + Level 3.8 Dodging
 + Level 5.7 Shields


You had 7 spell levels left.
You didn't know any spells.

Dungeon Overview and Level Annotations

Branches:
Dungeon (6/15)
 Temple: D:4-7

Altars:
Ashenzari
Cheibriados
Makhleb


Innate Abilities, Weirdness & Mutations

You are resistant to damage.
You can recharge devices by infusing magical energy.
You passively map a small area around you.
You do not regenerate.
You are partially covered in thin metallic scales. (AC +2)
You are agile. (Dex +2)
Scrolls take you a little longer to read.


Message History

You hit the orc wizard.
The orc wizard is moderately wounded.
You hit the orc.
You kill the orc!
Makhleb accepts your kill.
You feel better.
You completely miss the bullfrog.
You feel very sick. You block the bullfrog's attack.
The orc wizard gestures at you while chanting.
The puff of frost hits you! You block the orc warrior's attack.
The bullfrog completely misses you.
You barely miss the orc wizard.
The orc wizard is moderately wounded.
You miss the bullfrog.
You feel sick. The orc wizard casts a spell at you. The puff of frost hits you!
* * * LOW HITPOINT WARNING * * *
You block the bullfrog's attack.
The orc warrior hits you from afar with a halberd!!
You die...

#.#
#.#..#...#.#....#
#.#
#.#......#.#....# ,
#.#
*#.##.##..#.#....#
*, , * #..
..##........#+####
...,
..................>
...,
................#.#
####
#######.##.....# *
#)##.....# * *
#@##.....# ,
#Fo#o....# * # * *
##o#.....#,* #, , ,
, ,, o#.....# * # *
, , *Y......# # , ,
, *#.. , , * # ,, ,
.. , , *, , ..., ,
, . , , ,


You could see an orc warrior, an ice beast, a bullfrog, an orc priest and an orc
wizard.

Vanquished Creatures
  The ghost of komi the Chopper, a novice HOWn of Beogh (D:6)
  Purgy (D:3)
  An ice beast (D:5)
  A phantom (D:5)
  An elf zombie (Ossuary)
  A bullfrog (D:5)
  A crimson imp (D:5)
  A centaur zombie (Ossuary)
  A jelly (D:6)
  An orc priest (D:4)
  A hound (D:3)
  2 human zombies (Ossuary)
  A bullfrog skeleton (D:5)
  An orc wizard (D:3)
  An iguana (D:5)
  3 worker ants
  A big kobold zombie (Ossuary)
  A hound skeleton (D:5)
  2 mummies (Ossuary)
  6 adders
  An ooze (D:5)
  An adder skeleton (D:5)
  An adder zombie (Ossuary)
  A worm (D:5)
  3 dart slugs
  2 leopard geckos
  20 orcs
  4 bats
  5 giant cockroaches
  15 goblins
  4 hobgoblins
  4 jackals
  8 kobolds
  A quokka (D:3)
  A ball python (D:4)
  A frilled lizard (D:1)
  3 goblin zombies (Ossuary)
  9 hobgoblin zombies (Ossuary)
  A jackal zombie (Ossuary)
  9 kobold zombies (Ossuary)
  A leopard gecko zombie (D:6)
  8 orc zombies (Ossuary)
  A quokka zombie (D:6)
  4 rats
  2 rat zombies
139 creatures vanquished.

Notes
Turn   | Place    | Note
-------+----------+-------------------------------------------
     0 | D:1      | Exaltedone87 the Deep Dwarf Fighter began the quest for the Orb.
     0 | D:1      | Reached XP level 1. HP: 20/20 MP: 1/1
     2 | D:1      | Noticed a merfolk
     4 | D:1      | Noticed an ogre
     4 | D:1      | Noticed a draconian
     6 | D:1      | Noticed a demigod
     6 | D:1      | Noticed a demonspawn
     8 | D:1      | Noticed a vampire
     8 | D:1      | Noticed an elf
    10 | D:1      | Noticed a troll
    12 | D:1      | Noticed a spriggan
    14 | D:1      | Noticed a centaur
    14 | D:1      | Noticed a tengu
    16 | D:1      | Noticed a halfling
    18 | D:1      | Noticed a felid
    18 | D:1      | Noticed a dwarf
    20 | D:1      | Noticed a human
    20 | D:1      | Noticed a ghoul
    22 | D:1      | Noticed a minotaur
    22 | D:1      | Noticed a vine stalker
    24 | D:1      | Noticed a naga
    24 | D:1      | Noticed an octopode
    26 | D:1      | Noticed a formicid
    26 | D:1      | Noticed a gargoyle
   161 | D:1      | Reached XP level 2. HP: 14/27 MP: 2/2
   798 | D:2      | Reached XP level 3. HP: 33/33 MP: 3/3
  1616 | D:2      | Gained mutation: Scrolls take you a little longer to read. [potion of mutation]
  1616 | D:2      | Gained mutation: You are agile. (Dex +2) [potion of mutation]
  1616 | D:2      | Gained mutation: You are partially covered in thin metallic scales. (AC +2) [potion of mutation]
  1759 | D:3      | Reached XP level 4. HP: 37/42 MP: 4/4
  1804 | D:3      | Noticed Purgy
  1828 | D:3      | Killed Purgy
  1828 | D:3      | Reached skill level 3 in Axes
  1828 | D:3      | Reached skill level 1 in Dodging
  1828 | D:3      | Reached XP level 5. HP: 23/49 MP: 5/5
  2143 | D:3      | Found a burning altar of Makhleb.
  2153 | D:3      | Reached skill level 4 in Axes
  2163 | D:3      | Became a worshipper of Makhleb the Destroyer
  2605 | D:4      | Found a shattered altar of Ashenzari.
  2616 | D:4      | Reached XP level 6. HP: 38/56 MP: 6/6
  3247 | D:5      | Entered Level 5 of the Dungeon
  3247 | D:5      | Noticed an ice beast
  3257 | D:5      | Killed an ice beast
  3387 | D:5      | Reached skill level 5 in Shields
  3387 | D:5      | Reached XP level 7. HP: 29/63 MP: 7/7
  3414 | D:5      | Reached * piety under Makhleb
  3414 | D:5      | Reached skill level 5 in Axes
  3695 | D:5      | Found a snail-covered altar of Cheibriados.
  3740 | D:5      | Reached skill level 5 in Armour
  4061 | D:6      | Found a sand-covered staircase.
  4077 | D:6      | Noticed komi's ghost (novice HOWn)
  4090 | D:6      | Killed komi's ghost
  4090 | D:6      | Reached skill level 6 in Axes
  4090 | D:6      | Reached XP level 8. HP: 27/73 MP: 8/8
  4100 | Ossuary  | Entered an ossuary
  4180 | Ossuary  | Reached ** piety under Makhleb
  4433 | D:6      | Slain by an orc warrior

Skill      XL: |  1  2  3  4  5  6  7 |
---------------+----------------------+-----
Fighting       | 3 4 |  4.6
Shields        | 4 5 |  5.7
Axes           | 3 4 6 |  6.6
Armour         | 4 5 |  5.7
Dodging        | 1 2 3 |  3.8

Action                   |  1- 3 |  4- 6 |  7- 9 || total
-------------------------+-------+-------+-------++-------
Melee: War axe           |   132 |   136 |   151 ||   419
Evoke: Wand              |     1 |     2 |     2 ||     5
  Use: Scroll            |     8 |     3 |     4 ||    15
       Potion            |     2 |     1 |     5 ||     8
  Eat: Bread ration      |     1 |     1 |     1 ||     3
       Fruit             |     1 |     1 |       ||     2
       Pizza             |       |       |     1 ||     1
Armor: Scale mail        |    55 |    87 |    64 ||   206
Dodge: Dodged            |    44 |    42 |    49 ||   135
Block: Shield            |    61 |   100 |   107 ||   268
